 Dungeon Crawl Stone Soup version 0.26-a0-639-g72c4674329 (webtiles) character file.

Game seed: 3537583656396454872

8 Colgate the Grave Robber (level 2, 19/19 HPs)
             Began as a Demonspawn Necromancer on Sept 16, 2020.
             Quit the game on level 1 of the Dungeon.
             The game lasted 00:03:07 (313 turns).

Colgate the Grave Robber (Demonspawn Necromancer)    Turns: 313, Time: 00:03:08

Health: 19/19      AC:  7    Str:  8    XL:     2   Next: 0%
Magic:  5/5        EV: 12    Int: 16    God:
Gold:   0          SH:  0    Dex: 13    Spells: 3/5 levels left

rFire    . . .     SeeInvis .   d - +1 hunting sling (freeze)
rCold    . . .     Faith    .   (no shield)
rNeg     . . .     Spirit   .   a - +0 robe
rPois    .         Reflect  .   (no helmet)
rElec    .         Harm     .   (no cloak)
rCorr    .         Rampage  .   e - +2 pair of gloves
MR       .....                  (no boots)
Stlth    ++........             (no amulet)
HPRegen  0.06/turn              (no ring)
MPRegen  0.09/turn              (no ring)

@: no status effects
A: thin metallic scales 1
a: no special abilities


You were on level 1 of the Dungeon.
You visited 1 branch of the dungeon, and saw 1 of its levels.

Inventory:

Hand Weapons
 d - a +1 hunting sling of freezing (weapon)
Missiles
 c - 22 sling bullets (quivered)
 g - 21 stones
Armour
 a - a +0 robe (worn)
 e - a +2 pair of gloves (worn)
Scrolls
 b - a scroll of enchant armour {unknown}
 f - a scroll of amnesia {unknown}


   Skills:
 - Level 1.7 Dodging
 - Level 1.7 Stealth
 - Level 2.0 Spellcasting
 + Level 4.9 Necromancy


You had 3 spell levels left.
You knew the following spells:

 Your Spells              Type           Power        Failure   Level
a - Pain                  Necr           ###.         2%          1
b - Animate Skeleton      Necr           ###...       2%          1

Your spell library contained the following spells:

 Spells                   Type           Power        Failure   Level
 Vampiric Draining        Necr           ###.......   9%          3
 Animate Dead             Necr           ###.......   26%         4
 Agony                    Necr           ###.....     58%         5


Dungeon Overview and Level Annotations

Branches:
Dungeon (1/15)

Altars:


Innate Abilities, Weirdness & Mutations

You are partially covered in thin metallic scales. (AC +2)


Message History

The leopard gecko writhes in agony!
You kill the leopard gecko!
You see here a leopard gecko corpse.
c - 23 sling bullets (gained 2)
You see here a leopard gecko corpse.
A dart slug is nearby!
You shoot a sling bullet. The sling bullet hits the dart slug!
The sling bullet freezes the dart slug.
You kill the dart slug!
You have reached level 2!
Your demonic ancestry asserts itself...
Thin metallic scales grow over part of your body.
Okay, then.
Unknown command.
Unknown command.
Unknown command.
Saving game... please wait.
Welcome back, Colgate the Demonspawn Necromancer.
Press ? for a list of commands and other information.
Are you sure you want to abandon this character and quit the game? (Confirm with "yes".)

##### ###.... ###
....?.. ..# ....... #.#
..(.... #.#######
....... ###.##....#
.......##...##..#.#
##+#.@...†.....#. .##.
#....#...........#....
##..........#..##.#.#..
#.....##.####..........
#.#......##...#........
#.....#####.#..........
###...#####.#.......#..
#................###.
###.#.........#.#......


There were no monsters in sight!

Vanquished Creatures
  A dart slug (D:1)
  A leopard gecko (D:1)
  A goblin (D:1)
  A hobgoblin (D:1)
  A rat (D:1)
5 creatures vanquished.

Notes
Turn   | Place    | Note
-------+----------+-------------------------------------------
     0 | D:1      | Colgate the Demonspawn Necromancer began the quest for the
                  | Orb.
     0 | D:1      | Reached XP level 1. HP: 13/13 MP: 3/3
   152 | D:1      | Learned a level 1 spell: Animate Skeleton
   312 | D:1      | Gained mutation: You are partially covered in thin metallic
                  | scales. (AC +2) [demonic ancestry]
   312 | D:1      | Reached XP level 2. HP: 19/19 MP: 5/5
   313 | D:1      | Quit the game

Illustrated notes

Levels and vault maps discovered:
D:1:      nzn_arrival_water_spiral, layout_basic, minmay_pentomino_r2

Action                   || total
-------------------------++-------
Melee: Unarmed           ||     9
 Fire: Hunting sling     ||     5
 Cast: Pain              ||     4
       Animate Skeleton  ||     1
Armor: Robe              ||     2
Dodge: Dodged            ||     4

Table legend: (Time is in decaauts)
 A = Elapsed time spent in this place.
 B = Non-inter-level travel time spent in this place.
 C = Inter-level travel time spent in this place.
 D = Time resting spent in this place.
 E = Time spent auto-exploring this place.
 F = Levels seen in this place.
 G = Mean time per level.
                   A        B        C        D        E       F      G
               +--------+--------+--------+--------+--------+-----+--------+
         Total |    319 |    319 |      0 |    131 |    115 |   1 |  319.0 |
       Dungeon |    319 |    319 |      0 |    131 |    115 |   1 |  319.0 |
               +--------+--------+--------+--------+--------+-----+--------+

Top non-repeatable levels by time:
     D:1: 319 daAuts
